[Event "Polish Youth B18 Championship 2023"]
[Site "Jastrzebia Gora"]
[Date "2023.03.13"]
[Round "2.4"]
[White "Wilk, Igor"]
[Black "Zdybel, Przemyslaw"]
[Result "1-0"]
[ECO "C90"]
[WhiteElo "2058"]
[BlackElo "2268"]
[Annotator "TA"]
[PlyCount "141"]
[EventDate "2023.03.11"]
[EventType "swiss"]
[EventCountry "POL"]
[SourceTitle "playchess.com"]
[Source "ChessBase"]
[SourceQuality "1"]
[TimeControl "40/5400+30:1800+30"]

1. e4 e5 2. Nf3 Nc6 3. Bb5 a6 4. Ba4 Nf6 5. d3 b5 6. Bb3 Be7 7. O-O d6 8. c3 O-O 9. Re1 Na5 10. Bc2 c5 11. d4 {[%emt 0:08:20] C90: Closed Ruy Lopez with 7...d6: Early deviations.} cxd4 12. cxd4 Nc6 13. h3 {[%emt 0:06:14] Against Bg4. White is slightly better.} exd4 14. Nxd4 Nxd4 15. Qxd4 Be6 16. Nc3 Rc8 {[%emt 0:01:41] [#]} 17. Bb3 $146 ({Predecessor:} 17. Bf4 d5 18. exd5 Nxd5 19. Nxd5 Rxc2 20. Nxe7+ Qxe7 21. Rac1 Rxc1 22. Rxc1 Rc8 23. Rxc8+ Bxc8 {½-½ Van Foreest,J (2701)-Artemiev,V (2709) EU-Cup Online Final rapid 2021 (6.1)}) 17... Nd7 18. Nd5 Bxd5 19. Bxd5 Bf6 20. Qd1 Nb6 21. Bb7 Rb8 22. Bxa6 Nc4 (22... Na4 {feels hotter.} 23. Bxb5 Nxb2 24. Qb3 Qa5) 23. b3 Bxa1 (23... Qa5 $17 24. bxc4 Qxa6 25. cxb5 Qxb5) 24. bxc4 $15 bxc4 25. Bxc4 Be5 26. Be3 Qa5 27. Rf1 Qb4 28. Qd5 Kh8 29. Bb3 Rbc8 30. Rd1 Qc3 31. Bd4 (31. a4 $11) 31... Qc7 (31... Bxd4 $15 32. Qxd4 Qxd4 33. Rxd4 Rc6) 32. Be3 $11 {[%emt 0:02:37] This pair of bishops is nice.} Qe7 {[%emt 0:01:07] Black is weak on the light squares} 33. f4 (33. a4 $11) 33... Bf6 34. Qf5 (34. Kh2 $11) 34... Rfe8 $15 35. Bd5 Rc3 36. Bf2 Kg8 37. Rb1 Rc7 (37... g6 $5 38. Qg4 $8 Rec8 $11) 38. a4 {[%emt 0:02:15][%mdl 1024] White has compensation.} g6 39. Qg4 Bc3 (39... Rc2 $5) 40. Rb5 {[%emt 0:00:00] [#]} (40. Kh1 $14 {keeps the upper hand.}) 40... Qf6 $1 $17 41. Kh2 Bd4 42. Bh4 Qg7 43. Qd1 {[%emt 0:01:58] Prevents Rc1} (43. Rb1 $17 {might work better.}) 43... Be3 $19 44. Qf3 Qd4 45. Rb1 {[%emt 0:01:59] Inhibits Bg1+.} Rc1 $2 ({Better is} 45... Rec8 $17 {White must now prevent ...Rc1.} 46. Re1 Bd2) 46. Rxc1 $11 Bxc1 47. f5 {[%emt 0:01:15][%cal Bf4f5,Bf5g6,Bg6f7][%mdl 32] fxg6 is the strong threat.} g5 48. Bg3 $132 {[%emt 0:00:45][%mdl 2048] White puts up resistance} Be3 {[%emt 0:01:41] And now ...Bg1+ would win.} 49. Qh5 ({Much weaker is} 49. Bxd6 Rc8 50. h4 Bg1+ 51. Kh1 Qa1 $17) 49... Qf6 50. h4 h6 $2 {[%emt 0:00:41] [#]} (50... gxh4 $11 51. Bxh4 Qg7) 51. Qg6+ $1 $18 Qxg6 52. fxg6 {[%emt 0:00:05][%mdl 4096] Endgame KRB-KB} Kg7 53. gxf7 (53. Bxf7 $2 Rxe4 54. hxg5 Bf4 55. Bxf4 Rxf4 56. gxh6+ Kxh6 $19) 53... Rd8 (53... Rc8 54. a5 (54. Bxd6 Bf4+ 55. Bxf4 gxf4 $14) (54. hxg5 hxg5 55. Bxd6 Bf4+ 56. Bxf4 gxf4 $16) 54... Rc1) 54. Kh3 Bc5 55. Kg4 Kg6 56. h5+ Kf6 57. Be1 {[%emt 0:00:10] Bc3+ would be deadly.} Bd4 {[%emt 0:00:31] Prevents Bc3} 58. Ba5 (58. a5 $142 Rf8 59. Bg3) 58... Rf8 (58... Rc8 $142 59. Bb4 Be5) 59. Bc7 Ke5 60. Kf3 Rc8 {[%emt 0:00:36] [#]} 61. Ke2 $1 Ba7 {[%emt 0:00:46] [#]} (61... Bc3 62. a5) 62. Kd3 $1 Bf2 {[%emt 0:00:13] [#]} (62... g4 63. Bc6) 63. a5 $1 g4 64. Bb6 g3 65. Bxf2 (65. Be3 $142 Bxe3 66. Kxe3 Rc3+ 67. Kd2 Rc8 68. a6 Kf6 69. a7 Ke7 70. Ke3) 65... gxf2 {[%emt 0:00:03] KR-KB} 66. Ke2 Kd4 67. Kxf2 {[%emt 0:00:20] White threatens a6 and mate.} Ke5 68. a6 {[%emt 0:00:09] White mates.} Rc2+ 69. Kg3 Rc3+ 70. Kh2 Rc8 71. a7 {[%emt 0:00:05] What a bad dream for Black. An entertaining game by Wilk.   Weighted Error Value: White=0.29 (precise) /Black=0.32} 1-0

[Event "Polish Youth B18 Championship 2023"]
[Site "Jastrzebia Gora"]
[Date "2023.03.13"]
[Round "2.5"]
[White "Kacprzak, Kacper"]
[Black "Ciszewski, Krzysztof"]
[Result "1/2-1/2"]
[ECO "B96"]
[WhiteElo "2248"]
[BlackElo "2047"]
[Annotator "TA"]
[PlyCount "84"]
[EventDate "2023.03.11"]
[EventType "swiss"]
[EventCountry "POL"]
[SourceTitle "playchess.com"]
[Source "ChessBase"]
[SourceQuality "1"]
[TimeControl "40/5400+30:1800+30"]

1. e4 c5 2. Nf3 d6 3. d4 cxd4 4. Nxd4 Nf6 5. Nc3 a6 6. Bg5 e6 7. f4 h6 8. Bh4 Qb6 9. Qd2 Qxb2 10. Rb1 Qa3 11. e5 dxe5 {[%emt 0:00:09] B97: Sicilian Najdorf: Poisoned Pawn.} 12. fxe5 Nfd7 (12... g5 $5 ) 13. Ne4 $1 {[%emt 0:00:06] [#] Strongly threatening Be2.} Qxa2 14. Rd1 (14. Nc3 $2 Qa5 15. Be2 Nxe5 $19) 14... Qd5 (14... Nxe5 $2 15. Nb5 f6 16. Nc7+ (16. Qd8+ Kf7 $16) 16... Kf7 17. Nxa8 $18) 15. Qe3 Qxe5 (15... Nxe5 $2 16. Nb3 Nbc6 17. Rxd5 exd5 18. Nec5 $18) 16. Be2 $1 Bc5 $1 {[%emt 0:01:05] ...Bb6 is the strong threat.} 17. Bg3 Qd5 {[%emt 0:00:33] And now ...0-0 would win.} 18. c4 Bxd4 19. Rxd4 Qa5+ 20. Rd2 $1 {[%emt 0:00:04] [#] Nd6+ would be deadly.} O-O $1 (20... Qa1+ 21. Bd1 O-O 22. Bd6) 21. Bd6 $1 (21. O-O f5 22. Nc3 e5 $17) 21... f5 $1 {[%emt 0:03:18][%mdl 4] is more profitable than 21...Rd8 at the moment.} 22. Bxf8 Nxf8 (22... fxe4 23. Bd6 $16) 23. Nd6 $36 {[%emt 0:00:18][%mdl 2048] White is pushing.} Nbd7 24. g4 Qa1+ 25. Bd1 {[%emt 0:09:21] [#] Active counter play!} Qe5 $146 ({Predecessor:} 25... fxg4 26. O-O Qe5 27. Qf2 Nf6 28. Ne8 Bd7 29. Nxf6+ gxf6 30. Qxf6 Qe3+ 31. Rdf2 e5 {½-½ Xu,Y (2531)-Volokitin,A (2636) Abu Dhabi op 26th 2019 (9)}) 26. Qxe5 Nxe5 27. gxf5 exf5 28. O-O {[%emt 0:00:04] Threatens to win with Re1.} g6 $2 (28... Be6 $11) 29. Re1 $18 Nfd7 30. Rd5 a5 31. Rexe5 (31. Rdxe5 Nxe5 32. Rxe5 Bd7 $16) 31... Nxe5 32. Rxe5 Bd7 {[%emt 0:00:11] Repels Re8+} 33. Nxb7 ({White should play} 33. Re7 $1 $16 Bc6 34. Bb3 (34. Nxb7 Ra7 $14)) 33... a4 $14 34. Nc5 a3 $1 {[%emt 0:05:22] aiming for ...a2.} 35. Bb3 (35. Nxd7 $2 {perishes.} a2 36. Nb6 Ra6 $19) 35... Be8 (35... a2 $2 36. Bxa2 (36. Nxd7 $2 {loses.} a1=Q+ 37. Kf2 Qd4+ 38. Kg3 Qd3+ 39. Kf2 Qxb3 $19) 36... Rxa2 37. Nxd7 $18) 36. Ba2 Bf7 37. Nb7 Kg7 38. Re2 (38. Nd6 $5 Rd8 39. Nxf7 $14) 38... Rb8 {[%emt 0:02:33] The position is equal.} 39. Nd6 {[%emt 0:01:31] Black must now prevent Nxf7.} Rb2 40. Kf2 Be6 41. Ne8+ Kf7 42. Nc7 f4 {[%emt 0:01:48] Weighted Error Value: White=0.05 (flawless) /Black=0.11 (very precise)} 1/2-1/2

[Event "Polish Youth B18 Championship 2023"]
[Site "Jastrzebia Gora"]
[Date "2023.03.13"]
[Round "2.6"]
[White "Taranowicz, Michal"]
[Black "Luberanski, Jakub"]
[Result "0-1"]
[ECO "A08"]
[WhiteElo "1900"]
[BlackElo "2242"]
[Annotator "TA"]
[PlyCount "116"]
[EventDate "2023.03.11"]
[EventType "swiss"]
[EventCountry "POL"]
[SourceTitle "playchess.com"]
[Source "ChessBase"]
[SourceQuality "1"]
[TimeControl "40/5400+30:1800+30"]

1. e4 c5 2. Nf3 e6 3. d3 d5 4. Nbd2 Nc6 5. g3 Nf6 6. Bg2 Be7 7. O-O O-O 8. Re1 Qc7 9. Nf1 dxe4 10. dxe4 Rd8 {[%emt 0:00:04] C00: French: Unusual White 2nd moves.} 11. Bd2 (11. Qe2 $11) 11... e5 12. c3 {[%emt 0:04:31] [#]} b5 $146 {[%emt 0:02:37] Black has an edge.} ({Predecessor:} 12... h6 13. Qc2 Be6 14. Ne3 c4 15. Rad1 Bc5 16. Bc1 Ng4 17. Nxg4 Bxg4 18. Rd5 Bd6 {1-0 Maze,S (2619)-Khegay,D (2482) EU-ch 18th Minsk 2017 (8)}) 13. Qc2 Be6 14. b3 {[%emt 0:04:22] Inhibits Bc4.} a5 15. Bg5 (15. Ne3 $11) 15... Ne8 (15... b4 $15) 16. Bxe7 Qxe7 17. Ne3 Nc7 (17... f6 $11) 18. h4 f6 19. a4 Rab8 (19... b4 $1 $11) 20. axb5 $14 Rxb5 21. Rab1 Ne8 22. Nd5 Qf7 (22... Bxd5 23. exd5 Na7 24. Ra1 $16) 23. Bf1 Rb7 24. Bc4 ({White should try} 24. Qa2 $14) 24... Nd6 $1 $11 25. Ra1 {[%emt 0:01:55] [#]} (25. Ne3 $11) 25... Nxe4 $1 $15 {[%emt 0:11:25][%mdl 64] Remove Defender} 26. Nxf6+ {[%emt 0:09:02][%mdl 64] Remove Defender, Deflection} Nxf6 (26... gxf6 27. Rxe4 Rbd7 28. Qe2 $11) 27. Ng5 {[%emt 0:00:04][%cal Oc4e6] [#]} Bxc4 28. Nxf7 Bxf7 29. c4 $2 {[%emt 0:08:05] White is weak on the dark squares} (29. Rad1 $17) 29... Nd4 30. Qc3 Ra8 (30... Rxb3 $2 {loses.} 31. Qxa5 Rf8 32. Rab1 Nf3+ 33. Kh1 Nxe1 34. Rxb3 Bxc4 35. Rb5 Bd5+ 36. f3 Nxf3 37. Rxc5 $19) (30... Nxb3 31. Ra3 Nd4 32. Qxa5 $19) 31. Rxa5 Rab8 (31... Rxb3 $2 32. Rxa8+ Be8 33. Qa5 Nf3+ 34. Kf1 Nxe1 35. Kxe1 $18) ({And not} 31... Rxa5 32. Qxa5 Nf3+ 33. Kh1 Rxb3 34. Rd1 $11) 32. Rxc5 $2 (32. Rb5 Nxb5 33. cxb5) 32... Rxb3 $19 33. Qa5 Nf3+ {[%emt 0:00:08] Excellent horsemanship.} 34. Kg2 Nxe1+ 35. Qxe1 e4 {[%emt 0:00:18][%cal Oe4e3] And now ...e3! would win.} 36. Qc1 $2 (36. h5) 36... Rf3 {[%emt 0:04:24] aiming for ...Ng4.} 37. Rb5 Rc8 38. Rb4 Ng4 39. Rb2 Bxc4 40. Rc2 {[%emt 0:00:00] [#]} (40. Qg5 $142 Be6 41. Qb5) 40... Bf1+ $1 41. Kg1 Rxc2 42. Qxc2 {[%emt 0:00:07] Qc8+ would be deadly.} Bh3 (42... Rxf2 43. Qc8+ Rf8 44. Qxg4 $11) 43. Qxe4 $2 (43. Qc8+ Rf8 44. Qe6+ Kh8 45. Qxe4) 43... Rxf2 44. Qe6+ Kf8 $2 (44... Rf7 $19 {( -> ...h5)} 45. Qc4 h6) 45. Qd6+ $1 $15 Kg8 $2 (45... Kf7 $15 46. Qd5+ Ke7 47. Qb7+ Kd6 48. Qb8+ Ke7 49. Qc7+ Ke8 50. Qc6+ Kf8 51. Qa8+ Ke7 52. Qe4+ Kf6 53. Qc6+ Ke5 54. Qc3+ Ke4 55. Qc6+ Ke3 56. Qc3+ Ke4 57. Qc6+ Kd4 58. Qb6+ Ke5 59. Qc7+ Kd5 60. Qb7+ Kc5 61. Qc7+ Kb5 62. Qb7+ Ka4 63. Qe4+ Ka3 64. Qd3+ Kb4 65. Qd4+ Kb3 66. Qd5+ Kc2 67. Qa2+ Kd1 68. Qa4+ Rc2) 46. Qe6+ $1 $19 Rf7 47. h5 h6 48. Qd5 Nf6 49. Qc6 Bg4 ({Stronger than} 49... Nxh5 50. Qe8+ Rf8 51. Qxh5 $11) 50. Kg2 Bxh5 {[%emt 0:00:22] White must now prevent ...Kh7.} 51. Qe6 Kh7 52. Qe5 Bg6 53. Qe6 Ne4 54. g4 Rf2+ 55. Kg1 Rf4 56. Kg2 Nf6 57. g5 Rg4+ 58. Kh2 Rxg5 {[%emt 0:00:04] Artfully played by Luberanski.   Weighted Error Value: White=0.97/Black=0.55} (58... hxg5 $142 59. Kh3 Be4 60. Kh2 Bd5 61. Qe5 Rg2+ 62. Kh3 Ra2 63. Qd4 Kg6 64. Qb6 Kh5 65. Qb1 Ra3+ 66. Kh2 Ng4+ 67. Kg1 Rg3+ 68. Kf1 Bc4+ 69. Ke1 Rg1+ {[%mdl 64] Skewer} 70. Kd2 Rxb1 71. Kc3 Ne5 72. Kd4 Rb5 73. Kc3 Kg4 74. Kd2 Kf4 75. Kc2 Ke3 76. Kc3 Bd5 77. Kc2 Nd3 78. Kd1 Bb3#) 0-1

[Event "Polish Youth B18 Championship 2023"]
[Site "Jastrzebia Gora"]
[Date "2023.03.13"]
[Round "2.7"]
[White "Kaliszuk, Kamil"]
[Black "Biesiadecki, Adam"]
[Result "1-0"]
[ECO "E46"]
[WhiteElo "2217"]
[BlackElo "1761"]
[Annotator "TA"]
[PlyCount "50"]
[EventDate "2023.03.11"]
[EventType "swiss"]
[EventCountry "POL"]
[SourceTitle "playchess.com"]
[Source "ChessBase"]
[SourceQuality "1"]
[TimeControl "40/5400+30:1800+30"]

1. d4 Nf6 2. c4 e6 3. Nc3 Bb4 4. e3 O-O 5. Bd2 d5 6. Nf3 b6 7. cxd5 exd5 8. Rc1 Bb7 9. Bd3 Nbd7 10. O-O Bxc3 {[%emt 0:02:50] E52: Nimzo-Indian: Rubinstein: 4...0-0 5 Nf3 d5 6 Bd3 b6.} (10... Be7 $11) 11. Bxc3 $14 Ne4 12. Be1 {[%emt 0:07:41] [#]} c5 $146 {[%emt 0:03:49] The position is equal.} ({Predecessor:} 12... Rc8 13. Nd2 f5 14. f3 Nxd2 15. Qxd2 c5 16. dxc5 Nxc5 17. Bc2 Qf6 18. b4 Ne6 {½-½ Vargas Drechsler,C (1930)-Garcia Quevedo,J (1858) Barcelona Puig Memorial op 2nd 2016 (8)}) 13. dxc5 bxc5 14. Nd2 Nd6 15. Nf3 Ne4 16. b4 c4 17. Bb1 Ndf6 18. Nd4 Qd7 19. Qc2 a5 20. f3 $16 ({But not} 20. bxa5 Rfe8 $16) 20... Ng5 21. bxa5 Rfe8 22. Bc3 h6 $2 (22... Bc8 {was necessary.} 23. Rfd1 h6) 23. Nf5 $18 Ngh7 (23... Bc8 {was called for.} 24. Nxh6+ {[%mdl 64] Deflection} gxh6 25. Bxf6 Qe6) 24. Rce1 {[%emt 0:01:57][%cal Of5g7] Nxg7! would be deadly.} Ra6 $2 {[%emt 0:03:52] [#]} (24... Nf8 25. Bxf6 gxf6 26. Nxh6+ Kg7) 25. Nxg7 $1 {[%emt 0:01:48][%mdl 576] Decoy} Ree6 {Weighted Error Value: White=0.27 (precise) /Black=0.72} (25... Nf8 26. Nxe8) 1-0

[Event "Polish Youth B18 Championship 2023"]
[Site "Jastrzebia Gora"]
[Date "2023.03.13"]
[Round "2.8"]
[White "Krasniewski, Szymon"]
[Black "Backiel, Hubert"]
[Result "1/2-1/2"]
[ECO "D38"]
[WhiteElo "1771"]
[BlackElo "2127"]
[Annotator "TA"]
[PlyCount "111"]
[EventDate "2023.03.11"]
[EventType "swiss"]
[EventCountry "POL"]
[SourceTitle "playchess.com"]
[Source "ChessBase"]
[SourceQuality "1"]
[TimeControl "40/5400+30:1800+30"]

1. d4 Nf6 2. c4 e6 3. Nf3 d5 4. Nc3 Bb4 5. e3 O-O 6. Bd2 Re8 {[%emt 0:01:04] E51: Nimzo-Indian: Rubinstein: 4...0-0 5 Nf3 d5.} 7. Bd3 Nbd7 8. O-O c6 (8... dxc4 $11 {keeps the balance.} 9. Bxc4 b6) 9. Rc1 (9. Nxd5 $1 $16 exd5 10. Bxb4) 9... dxc4 10. Bxc4 b5 {[%emt 0:00:03] [#]} 11. Be2 $146 ({Predecessor:} 11. Bd3 Bb7 12. Ne4 Bxd2 13. Nfxd2 Nxe4 14. Nxe4 Qe7 15. Qc2 h6 16. Be2 Rac8 17. Nc5 Nxc5 18. Qxc5 Qxc5 19. Rxc5 {½-½ Jovanovic,D (2104)-Ivanovic,V (1851) SRB Central-chT qual 2014 (7)}) 11... Bb7 12. Qb3 Bf8 (12... Bd6 {feels hotter.} 13. Ng5 a5 14. Qc2 Qb8) 13. Rfd1 a6 14. Be1 Qb8 15. a3 Qa7 16. Ne5 c5 17. Bf3 (17. Nxd7 $11 Nxd7 18. dxc5 Nxc5 19. Qa2) 17... Nxe5 $17 18. dxe5 Bxf3 19. gxf3 Nd7 20. f4 c4 21. Qc2 Nc5 22. Ne2 Qb7 23. Nd4 Nd3 24. Rb1 Red8 25. Qe2 Bc5 ({Of course not} 25... Rxd4 $6 26. exd4 Nxf4 27. Qg4 $11) ({Black should play} 25... Qe4 $17 26. f3 Qg6+ 27. Kh1 Bc5) 26. Qf3 $15 Qd5 27. Bc3 (27. Qxd5 $15 Rxd5 28. Ne2) 27... Qxf3 (27... Bxd4 $19 28. Qxd5 Rxd5 29. Bxd4 Nxf4) 28. Nxf3 a5 29. Bd4 {[%emt 0:03:31][%cal Od1d3] And now Rxd3! would win.} Be7 30. Ne1 {[%emt 0:00:52] [#]} Rxd4 31. exd4 $11 Nxf4 32. Kf1 Nd5 33. Rdc1 Rc8 {[%emt 0:07:01][%mdl 1024] Black has compensation.} 34. Rc2 Bg5 35. b3 c3 36. Nd3 Be7 (36... Be3 $5) 37. Ra1 $1 Bd8 38. Nc1 (38. b4 $11) 38... Bb6 39. Ne2 g5 40. Rac1 b4 41. axb4 axb4 42. Ra1 {[%emt 0:01:30] Dodges Ra8} Kg7 43. Kg2 (43. Rca2 $15) 43... Kg6 44. Kf3 h5 ({Black should try} 44... f5 $17) 45. h3 (45. Ke4 $11) 45... h4 (45... f5 $1 $17 {Threatens to win with ...Rf8.} 46. h4 gxh4) 46. Ke4 f5+ 47. exf6 Nxf6+ 48. Kd3 Kf5 49. Ra6 Rc6 (49... Nd5 $15 {should be considered.}) 50. f3 Rd6 {[%emt 0:02:11] ...e5 is the strong threat.} (50... e5 $5 ) 51. Kc4 Nd5 {[%emt 0:00:06] Strongly threatening ...Ne3+.} 52. Rc1 {[%emt 0:00:31] [#]} (52. Rca2 $15) 52... Nc7 (52... e5 $1 $17) 53. Ra2 Nd5 (53... Rd8 $11) 54. Ra6 $17 {[%emt 0:00:14] [#]} Nc7 (54... e5 $1 $17) 55. Ra2 $15 Nd5 56. Ra6 {[%emt 0:00:18] Weighted Error Value: White=0.25 (precise) /Black=0.26 (precise)} 1/2-1/2

[Event "Polish Youth B18 Championship 2023"]
[Site "Jastrzebia Gora"]
[Date "2023.03.13"]
[Round "2.9"]
[White "Luczak, Filip"]
[Black "Pisarek, Jan"]
[Result "1-0"]
[ECO "A04"]
[WhiteElo "2345"]
[BlackElo "1931"]
[Annotator "TA"]
[PlyCount "83"]
[EventDate "2023.03.11"]
[EventType "swiss"]
[EventCountry "POL"]
[SourceTitle "playchess.com"]
[Source "ChessBase"]
[SourceQuality "1"]
[TimeControl "40/5400+30:1800+30"]

1. Nf3 c5 2. g3 Nc6 3. Bg2 g6 4. c3 Bg7 5. d4 cxd4 6. cxd4 Nf6 7. O-O d5 8. Nc3 O-O 9. Ne5 Nxe5 10. dxe5 Ng4 11. Nxd5 $1 {[%emt 0:13:17] The main line 11.Nxd5 scores better than 11.Qxd5.} Nxe5 12. Bg5 Nc6 13. Qa4 {[%emt 0:03:31] Black must now prevent Rad1. D79: Fianchetto Grünfeld: Symmetrical Variation (6 0-0 c6 7 cxd5 cxd5).} h6 14. Be3 Bd7 15. Rad1 {[%emt 0:06:12] [#] White is slightly better.} Re8 $146 ({Predecessor:} 15... Nd4 16. Qb4 e5 17. Bxd4 exd4 18. Qxb7 Kh7 19. e3 Rb8 20. Qxa7 Bc6 21. Rxd4 Rxb2 {1-0 Cori,J (2602)-Montoliu Cervero,F (2326) Benasque op 36th 2016 (3)}) 16. Qb3 {[%emt 0:13:44] White has more active pieces. The black rooks are badly placed.} Rb8 (16... Qc8 $1 $14) 17. Rd2 $16 e5 {[%emt 0:01:52] [#]} 18. Qa3 (18. Bxa7 $1 $16 Nxa7 19. Nb6 {[%mdl 64] Discovered Attack}) 18... Nd4 {[%emt 0:03:58] [#]} (18... Be6 $14) 19. Bxd4 (19. Qxa7 Bc6 20. Bxd4 exd4 $14) ({White should try} 19. f4 $1 $16) 19... exd4 $14 20. Qxa7 Bc6 21. Nf4 Ra8 22. Qc5 Bxg2 23. Kxg2 Rxa2 24. Qb5 b6 25. Qb3 (25. Qd5 $5 Ra8 26. Qxd8 Raxd8 27. Ra1 $14) 25... Ra5 (25... Qa8+ $14 26. f3 Ra7) 26. Nxg6 $16 Qg5 27. Nf4 $36 {[%emt 0:00:09][%cal Bg6f4,Bf4d3,Bd3e1,Be1f3,Bf3d4][%mdl 2080] Keeping Black busy.} Be5 28. h4 (28. Qxb6 Bxf4 29. Rxd4 Rb8 $17) 28... Qf6 29. Nd3 Bb8 (29... Qc6+ $16 30. Kg1 Re6) 30. Ne1 $18 Rae5 31. Qd3 (31. Rxd4 $6 Rxe2 32. Qd3 (32. Nf3 Qg6 $14) 32... R8e3 33. Qxe3 Rxe3 34. fxe3 Qc6+ 35. Rf3 Be5 $16) 31... Qg7 32. Nf3 (32. Qxd4 Rxe2 33. Rxe2 Rxe2 34. Qd8+ (34. Qxb6 $2 Qxg3+ 35. Kh1 Qh2#) 34... Qf8 $16) 32... Re4 33. Qb5 (33. Nxd4 Bf4 $18) 33... R8e6 34. Rc1 {[%emt 0:00:35] Threatens to win with Rc8+.} Kh7 35. Qf5+ Qg6 36. Qxg6+ ({Much less strong is} 36. Nxd4 Qxf5 37. Nxf5 Rxe2 38. Rxe2 Rxe2 $18) 36... Kxg6 37. Nxd4 ({Less strong is} 37. Rxd4 Rxe2 38. h5+ Kf6 $18) 37... Rd6 38. e3 {[%emt 0:00:27] And now Rc8 would win.} Re8 {[%emt 0:00:32] Prevents Rc8} 39. Rdc2 Rf6 40. Rc6 {[%emt 0:00:00] White is clearly winning.} Be5 41. Rxf6+ Bxf6 42. Rc6 {[%emt 0:00:05] Weighted Error Value: White=0.13 (very precise) /Black=0.31} 1-0

[Event "Polish Youth B18 Championship 2023"]
[Site "Jastrzebia Gora"]
[Date "2023.03.13"]
[Round "2.10"]
[White "Czernek, Tymon"]
[Black "Kitewski, Bartosz"]
[Result "1-0"]
[ECO "B90"]
[WhiteElo "2314"]
[BlackElo "1968"]
[Annotator "TA"]
[PlyCount "65"]
[EventDate "2023.03.11"]
[EventType "swiss"]
[EventCountry "POL"]
[SourceTitle "playchess.com"]
[Source "ChessBase"]
[SourceQuality "1"]
[TimeControl "40/5400+30:1800+30"]

1. e4 c5 2. Nf3 d6 3. d4 cxd4 4. Nxd4 Nf6 5. Nc3 a6 6. Rg1 Nc6 {[%emt 0:08:45] B90: Sicilian Najdorf: Unusual White 6th moves, 6 Be3 Ng4 and 6 Be3 e5.} 7. g4 Nxd4 {[%emt 0:06:05] 7...h6 is the fancy move.} 8. Qxd4 e5 {[%emt 0:06:50] The position is equal. has lost popularity (8...Nxg4).} 9. Qd1 Be6 10. g5 Nd7 11. Be3 Rc8 {[%emt 0:02:18] [#]} 12. Qd2 $146 ({Predecessor:} 12. Nd5 Nc5 13. f3 h6 14. Qd2 Bxd5 15. exd5 hxg5 16. Bxg5 Be7 17. Bxe7 Qxe7 18. O-O-O {½-½ Parvanyan,A (2380)-Vogel,R (2475) Lueneburg GM 2017 (6)}) 12... Nc5 13. b4 (13. O-O-O $16) 13... Nd7 $11 14. Nd5 {[%emt 0:00:06] Prevents Nb6.} Bxd5 15. Qxd5 Qc7 {[%emt 0:03:29] Repels Bc4. Threatens to win with ...Qc3+.} 16. Bd3 Nb6 17. Bxb6 Qxb6 {[%emt 0:00:03] Black is weak on the light squares} 18. Ke2 Be7 (18... Qxb4 19. Rab1 Qc5 20. Rxb7 (20. Qxb7 Be7 $16) 20... Qxd5 21. exd5 $16) 19. a4 g6 (19... Qxb4 20. Rab1 Qxa4 21. Rxb7 $16 (21. Qxb7 Qc6 $11)) 20. a5 Qc7 ({Don't take} 20... Qxb4 21. Rab1 Qc5 22. Qxb7 $16 (22. Rxb7 Qxd5 23. exd5 Bd8 $16)) 21. h4 Qd7 (21... h6 $11) 22. Rg3 $14 Rc7 {[%emt 0:06:25] [#]} 23. h5 $1 Qd8 {[%emt 0:08:17] [#]} (23... gxh5 24. Rh1) 24. Rh1 $1 Bxg5 25. hxg6 fxg6 {[%emt 0:00:05] [#]} 26. f4 $1 $36 {[%emt 0:04:16][%cal Bf2f4,Bf4f5][%mdl 2080] White has strong initiative.} Bf6 (26... Bxf4 $2 27. Rxg6 Rf7 28. Bc4 $18 (28. Qxd6 Qxd6 29. Rxd6 Rc7 $11)) ({Better is} 26... Bh4 27. Rgh3 Bf6) 27. f5 $16 {[%emt 0:00:17] White is much more active.} g5 (27... Bh4 $16 {might work better.} 28. Rgh3 g5) 28. Rh6 $18 {[%emt 0:01:48] Black must now prevent Qe6+.} Qe7 29. Kf1 ({White should try} 29. Bc4 $18) 29... Qf7 $2 {[%emt 0:04:01][%mdl 8192] This costs Black the game.} (29... Kd8 $16) 30. Qxd6 Rc6 31. Qb8+ Kd7 32. Qxb7+ Rc7 33. Qxa6 {[%emt 0:00:28] Weighted Error Value: White=0.10 (very precise) /Black=0.50} (33. Bb5+ $142 axb5 34. Rd3+ Ke8 35. Qb8+ Ke7 36. Qxc7+ Kf8 37. Rxf6 {[%mdl 64] Remove Defender} Qxf6 38. Rd7) 1-0